 Dungeon Crawl Stone Soup version 0.27.1-2-g3b301248ec (webtiles) character file.

Game seed: 13929898340083692535

22 pkoi the Slasher (level 2, -2/25 HPs)
             Began as a Minotaur Gladiator on Sept 25, 2021.
             Slain by a gnoll (4 damage)
             ... on level 1 of the Dungeon.
             The game lasted 00:00:47 (1124 turns).

pkoi the Slasher (Minotaur Gladiator)               Turns: 1124, Time: 00:00:48

Health: -2/25      AC:  3    Str: 18    XL:     2   Next: 68%
Magic:  1/1        EV: 12    Int:  5    God:
Gold:   93         SH:  0    Dex: 11    Spells: 1/1 levels left

rFire    . . .     SeeInvis .   a - +0 long sword
rCold    . . .     Faith    .   (no shield)
rNeg     . . .     Spirit   .   b - +0 leather armour
rPois    .         Reflect  .   c - +0 hat
rElec    .         Harm     .   (no cloak)
rCorr    .         Rampage  .   (no gloves)
Will     .....                  (no boots)
Stlth    +.........             (no amulet)
HPRegen  0.08/turn              (no ring)
MPRegen  0.07/turn              (no ring)

@: no status effects
A: horns 2, retaliatory headbutt
a: no special abilities


You were on level 1 of the Dungeon.
You visited 1 branch of the dungeon, and saw 1 of its levels.

You collected 93 gold pieces.

Inventory:

Hand Weapons
 a - a +0 long sword (weapon)
Missiles
 d - 3 throwing nets (quivered)
Armour
 b - a +0 leather armour (worn)
 c - a +0 hat (worn)
Scrolls
 f - a scroll of blinking {unknown}
Potions
 e - a potion of attraction {unknown}
 g - a potion of degeneration {unknown}


   Skills:
 - Level 2.4 Fighting
 * Level 4.5 Long Blades
 - Level 2.0 Throwing
 + Level 1.4 Armour
 - Level 3.2 Dodging


You had one spell level left.
You didn't know any spells.
Your spell library was empty.

Dungeon Overview and Level Annotations

Branches:
Dungeon (1/15)

Altars:

Shops:
D:1 *


Innate Abilities, Weirdness & Mutations

You have a pair of horns on your head.
You reflexively headbutt those who attack you in melee.


Message History

The gnoll moves out of view.
A gnoll is nearby!
You completely miss the gnoll. You headbutt the gnoll.
The gnoll is moderately wounded.
The gnoll misses you.
You riposte.
You hit the gnoll. Your headbutt misses the gnoll.
The gnoll is heavily wounded.
You hit the gnoll. You headbutt the gnoll.
The gnoll is severely wounded.
The gnoll misses you.
You barely miss the gnoll.
The gnoll is severely wounded.
The gnoll hits you with a +0 whip.
You closely miss the gnoll.
The gnoll is severely wounded.
The gnoll hits you with a +0 whip!
* * * LOW HITPOINT WARNING * * *
You are too injured to fight recklessly!
You are too injured to fight recklessly!
You are too injured to fight recklessly!
You are too injured to fight recklessly!
You are too injured to fight recklessly!
You are too injured to fight recklessly!
You are too injured to fight recklessly!
You are too injured to fight recklessly!
A gnoll is nearby!
You barely miss the gnoll. Your headbutt misses the gnoll.
The gnoll is severely wounded.
The gnoll hits you with a +0 whip.
* * * LOW HITPOINT WARNING * * *
The gnoll hits you with a +0 whip.
* * * LOW HITPOINT WARNING * * *
You barely miss the gnoll.
The gnoll is severely wounded.
The gnoll hits you with a +0 whip.
* * * LOW HITPOINT WARNING * * *
You barely miss the gnoll.
The gnoll is severely wounded.
The gnoll hits you with a +0 whip.
You die...

#..............##.
#.###########.###.
#.#...............
#.#.#########.####
#.#†#########..# #
#.#.##.......#.# # #
#.#.##.......#.###
#####.#.#...............
......g@#..........#.###
........#..........#.#..
........#....#######.#..
........###### #.#..
..$.....# #.#..
........# #.#..
#####+#.. #.#.. #..
#.#.. #.#..


You could see a gnoll.

Vanquished Creatures
  3 bats (D:1)
  4 endoplasms (D:1)
  3 goblins (D:1)
  2 hobgoblins (D:1)
  A quokka (D:1)
  4 frilled lizards (D:1)
  2 rats (D:1)
19 creatures vanquished.

Notes
Turn   | Place    | Note
-------+----------+-------------------------------------------
     0 | D:1      | pkoi the Minotaur Gladiator began the quest for the Orb.
     0 | D:1      | Reached XP level 1. HP: 18/18 MP: 0/0
   186 | D:1      | Reached skill level 4 in Long Blades
   231 | D:1      | Reached skill level 1 in Armour
   231 | D:1      | Reached XP level 2. HP: 25/25 MP: 1/1
   297 | D:1      | Found a faded altar of an unknown god.
   318 | D:1      | Found Axouw's General Store.
  1124 | D:1      | Slain by a gnoll

Illustrated notes

Levels and vault maps discovered:
D:1:      dpeg_arrival_boxorama, layout_basic, basic_ecumenical_altar,
          serial_shops, nicolae_shop_crystal, chequers_mini_garden

Skill      XL: |  1 |
---------------+----+-----
Long Blades    | 4 |  4.5
Armour         | 1 |  1.4
Fighting       | |  2.4
Throwing       | |  2.0
Dodging        | |  3.2

Action                   || total
-------------------------++-------
Melee: Long sword        ||    40
       Headbutt          ||     8
Armor: Leather armour    ||     8
Dodge: Dodged            ||    23
       Rpst.: Long sword ||     9
